 Dungeon Crawl Stone Soup version 0.30.1-11-g7821555f0a (webtiles) character file.

Game seed: 5776591453360709339

144 Shaksi the Firebug (level 5, -3/33 HPs)
             Began as a Human Fire Elementalist on Dec 3, 2023.
             Was a Follower of Hepliaklqana.
             Slain by Prince Ribbit (11 damage)
             ... on level 5 of the Dungeon.
             The game lasted 00:06:59 (996 turns).

Shaksi the Firebug (Human Fire Elementalist)         Turns: 996, Time: 00:06:59

Health: -3/33      AC:  4    Str:  8    XL:     5   Next: 51%
Magic:  0/9        EV: 12    Int: 18    God:    Hepliaklqana [*.....]
Gold:   75         SH:  0    Dex: 13    Spells: 3/9 levels left

rFire   . . .        f - +0 dagger (venom)
rCold   . . .        (no shield)
rNeg    + . .        a - +0 robe
rPois   .            h - +1 helmet
rElec   .            e - scarf {+Inv}
rCorr   .            (no gloves)
SInv    .            (no boots)
Will    .....        (no amulet)
Stlth   ++           d - ring of positive energy
HPRegen 0.25/turn    (no ring)
MPRegen 0.11/turn

%: no passive effects
@: hasted, very quick
A: reduced essence
a: Renounce Religion, Evoke Invisibility, Recall Ancestor, Ancestor Identity


You were on level 5 of the Dungeon.
You worshipped Hepliaklqana.
Hepliaklqana was aware of your devotion.
You visited 1 branch of the dungeon, and saw 5 of its levels.

You collected 75 gold pieces.

Inventory:

Hand Weapons
 f - a +0 dagger of venom (weapon)
Armour
 a - a +0 robe (worn)
 e - a scarf of invisibility (worn)
 h - a +1 helmet (worn)
Jewellery
 d - a ring of positive energy (left hand)
Scrolls
 c - 4 scrolls of identify


   Skills:
 * Level 1.0 Fighting
 * Level 0.7 Armour
 * Level 2.7 Dodging
 * Level 2.5 Stealth
 * Level 2.8 Spellcasting
 * Level 1.4 Conjurations
 * Level 0.7 Hexes
 * Level 3.7 Fire Magic
 * Level 1.0 Invocations
 * Level 0.2 Evocations


You had 3 spell levels left.
You knew the following spells:

 Your Spells              Type           Power      Damage    Failure   Level
a - Foxfire               Conj/Fire      44%        2x1d6     6%          1
b - Scorch                Fire           32%        2d6       5%          2
c - Inner Flame           Hex/Fire       10%        N/A       21%         3

Your spell library contained the following spells:

 Spells                   Type           Power      Damage    Failure   Level
 Volatile Blastmotes      Fire/Tloc      18%        2d11      24%         3
 Flame Wave               Conj/Fire      11%        2d6       50%         4


Dungeon Overview and Level Annotations

Branches:
Dungeon (5/15)
 Temple: D:4-7

Altars:
Hepliaklqana
The Shining One

Annotations:
D:5 Prince Ribbit


Message History

You miscast Foxfire.
You are very lightly contaminated with residual magic.
Nothing appears to happen.
Prince Ribbit is no longer more vulnerable to fire.
Prince Ribbit hits you.
* * * LOW HITPOINT WARNING * * *
Ramamoor closely misses Prince Ribbit.
Prince Ribbit closely misses you.
Prince Ribbit blinks!
Prince Ribbit barely misses Ramamoor.
Ramamoor closely misses Prince Ribbit.
Ramamoor hits Prince Ribbit.
Prince Ribbit lets out a mournful croak.
Prince Ribbit blinks!
Prince Ribbit blinks!
Prince Ribbit blinks!
Your magical contamination has completely faded away.
Ramamoor completely misses Prince Ribbit.
Prince Ribbit blinks!
You start resting.
Prince Ribbit is nearby!
Prince Ribbit croaks regally.
Prince Ribbit blinks!
Casting: Foxfire (safe; 6% risk of failure)
Confirm with . or Enter, or press ? or * to list all spells.
You conjure some foxfire!
Prince Ribbit blinks!
You swap places.
The foxfire hits Prince Ribbit.
Prince Ribbit is severely wounded.
The foxfire hits Prince Ribbit.
Prince Ribbit is almost dead.
Unknown command.
You miss Prince Ribbit.
Prince Ribbit is almost dead.
Prince Ribbit hits you but does no damage.
You hit Prince Ribbit.
Prince Ribbit is poisoned.
Prince Ribbit is almost dead.
Ramamoor hits Prince Ribbit.
Prince Ribbit barely misses you.
Ramamoor completely misses Prince Ribbit.
Prince Ribbit hits you!
You die...

#.......#
.......#
.....#######
#........#
#........+
#........# .#
#<[......# §#
#......R.##.####
#.....@F.#.....#
#..............#
#######........##
+..†.......
#........#
#...###### #...#
#####


You could see the friendly Ramamoor the ancestor and Prince Ribbit (very
poisoned, ally target).

Vanquished Creatures
  An iguana (D:5)
  2 gnolls (D:4)
  An adder (D:2)
  A worm (D:2)
  6 ball pythons
  2 endoplasms
  2 giant cockroaches
  2 hobgoblins
  2 quokkas
  3 bats (D:1)
  2 frilled lizards
  3 goblins
  5 kobolds
  4 rats
36 creatures vanquished.

Vanquished Creatures (collateral kills)
  An iguana (D:4)
  An adder (D:2)
  A gnoll (D:4)
  2 endoplasms
  A giant cockroach (D:2)
  A hobgoblin (D:2)
  A ball python (D:4)
  A bat (D:2)
9 creatures vanquished.

Vanquished Creatures (others)
  38 foxfires
38 creatures vanquished.

Grand Total: 83 creatures vanquished

Notes
Turn   | Place    | Note
-------+----------+-------------------------------------------
     0 | D:1      | Shaksi the Human Fire Elementalist began the quest for the
                  | Orb.
     0 | D:1      | Reached XP level 1. HP: 13/13 MP: 3/3
   221 | D:1      | Reached XP level 2. HP: 16/19 MP: 3/5
   333 | D:1      | Learned a level 2 spell: Scorch
   491 | D:1      | Found a faded altar of an unknown god.
   497 | D:1      | Prayed at the altar of an unknown god.
   497 | D:1      | Became a worshipper of Hepliaklqana the Forgotten
   497 | D:1      | Reached * piety under Hepliaklqana
   538 | D:2      | Reached XP level 3. HP: 19/21 MP: 0/6
   542 | D:2      | Learned a level 3 spell: Inner Flame
   737 | D:2      | Reached XP level 4. HP: 27/27 MP: 5/7
   802 | D:3      | You fall into a shaft and drop 2 floors!
   802 | D:5      | Entered Level 5 of the Dungeon
   846 | D:4      | Reached XP level 5. HP: 17/32 MP: 0/9
   867 | D:4      | Reached skill level 1 in Invocations
   889 | D:4      | Found a glowing golden altar of the Shining One.
   958 | D:5      | Noticed Prince Ribbit
   963 | D:5      | Reached skill level 1 in Fighting
   996 | D:5      | Slain by Prince Ribbit

Illustrated notes

Levels and vault maps discovered:
D:1:      sevenhm_arrival_forest_fort_small_5, layout_rooms,
          dreamdust_ecumenical_altar_angels_and_demons, nicolae_eternal_life
D:2:      layout_rooms, kennysheep_generic_room_16
D:3:      layout_basic, chequers_temple_overflow_statue_of_worship,
          nicolae_hexahallways
D:4:      layout_rooms, old_standard_altar
D:5:      old_forge, layout_basic, minmay_temple_entry_mist, uniq_prince_ribbit1

Skill      XL: |  1  2  3  4  5 |
---------------+----------------+-----
Invocations    | 1 |  1.0
Fighting       | 1 |  1.0
Armour         | |  0.7
Dodging        | |  2.7
Stealth        | |  2.5
Spellcasting   | |  2.8
Conjurations   | |  1.4
Hexes          | |  0.7
Fire Magic     | |  3.7
Evocations     | |  0.2

Action                     |  1- 3 |  4- 6 || total
---------------------------+-------+-------++-------
  Melee: Unarmed           |     2 |       ||     2
         Dagger            |       |     6 ||     6
   Cast: Foxfire           |    22 |     6 ||    28
         Scorch            |    11 |     9 ||    20
         Inner Flame       |       |     1 ||     1
 Invoke: Recall Ancestor   |     1 |     1 ||     2
         Ancestor Identity |     1 |       ||     1
    Use: Potion            |     1 |     2 ||     3
         Scroll            |     1 |       ||     1
 Armour: Robe              |    15 |     1 ||    16
  Dodge: Dodged            |    65 |    11 ||    76
